 Dungeon Crawl Stone Soup version 0.31-a0-263-ge8cad7f256 (webtiles) character file.

Game seed: 4066964396996823623

61 qw the Shooter (level 4, -1/26 HPs)
             Began as a Gargoyle Hexslinger on July 13, 2023.
             Slain by a gnoll
             ... wielding a +0 spear
              (3 damage)
             ... on level 2 of the Dungeon.
             The game lasted 00:00:33 (1185 turns).

qw the Shooter (Gargoyle Hexslinger)                Turns: 1185, Time: 00:00:33

Health: -1/26      AC:  6    Str: 11 (12) XL:     4   Next: 7%
Magic:  5/5        EV: 11    Int: 10 (13) God:
Gold:   74         SH:  0    Dex: 14      Spells: 4/5 levels left

rFire   . . .        Y - +1 sling
rCold   . . .        (no shield)
rNeg    + . .        l - +0 leather armour
rPois   inf          (no helmet)
rElec   +            (no cloak)
rCorr   .            (no gloves)
SInv    .            (no boots)
Will    .....        (no amulet)
Stlth   +            (no ring)
HPRegen 0.24/turn    (no ring)
MPRegen 0.09/turn

%: no passive effects
@: no status effects
A: sickness immunity, AC +3, negative energy resistance 1, electricity
resistance, torment resistance 1, petrification resistance
a: no special abilities


You were on level 2 of the Dungeon.
You visited 1 branch of the dungeon, and saw 2 of its levels.

You collected 74 gold pieces.


Innate Abilities, Weirdness & Mutations

You are immune to sickness and miasma.
Your stone body is resilient. (AC +3)
You are immune to poison.
You resist negative energy. (rN+)
You are resistant to electric shocks. (rElec)
You are resistant to unholy torment.
You are immune to petrification.


   Skills:
 - Level 2.0 Fighting
 + Level 3.9 Ranged Weapons
 - Level 1.5 Dodging
 - Level 1.0 Spellcasting
 - Level 2.6 Hexes


You had 4 spell levels left.
You knew the following spells:

 Your Spells              Type           Power      Damage    Failure   Level
a - Slow                  Hex            20%        N/A       16%         1

Your spell library contained the following spells:

 Spells                   Type           Power      Damage    Failure   Level
 Inner Flame              Hex/Fire       3%         N/A       61%         3
 Portal Projectile        Hex/Tloc       6%         N/A       61%         3
 Cause Fear               Hex            2%         N/A       83%         4

Inventory:

Hand Weapons
 Y - a +1 sling (weapon)
Armour
 b - a +0 helmet
 l - a +0 leather armour (worn)
Scrolls
 a - a scroll of identify
 c - a scroll of fear {unknown}
Potions
 h - a potion of might {unknown}
 j - a potion of berserk rage {unknown}

Dungeon Overview and Level Annotations

Branches:
Dungeon (2/15)

Altars:


Message History

You hear a shout!
The gnoll barely misses you.
A kobold comes into view. It is wielding a +0 dagger.
You shoot a sling bullet. The sling bullet hits the gnoll.
The gnoll is lightly wounded.
The gnoll misses you.
A rat comes into view.
You shoot a sling bullet.
The sling bullet barely misses the gnoll.
The gnoll hits you with a +0 flail of draining.
The kobold throws a stone.
The stone hits you but does no damage.
You shoot a sling bullet.
The sling bullet closely misses the gnoll.
The gnoll hits you with a +0 flail of draining.
A frilled lizard comes into view.
The kobold hits you but does no damage.
A gnoll comes into view. It is wielding a +0 spear.
You shoot a sling bullet.
The sling bullet closely misses the gnoll.
The gnoll hits you with a +0 spear. The kobold barely misses you.
You shoot a sling bullet.
The sling bullet hits the gnoll but does no damage.
The gnoll hits you with a +0 spear. The kobold closely misses you.
You shoot a sling bullet. The sling bullet hits the gnoll.
The gnoll is lightly wounded.
The gnoll misses you. The kobold barely misses you.
You shoot a sling bullet. The sling bullet hits the gnoll.
The gnoll is heavily wounded.
The gnoll hits you but does no damage. The kobold hits you with a +0 dagger.
You shoot a sling bullet. The sling bullet hits the gnoll.
The gnoll is severely wounded.
The kobold barely misses you. The gnoll misses you.
The kobold closely misses you. The gnoll hits you with a +0 spear.
You shoot a sling bullet. The sling bullet hits the gnoll.
The gnoll is severely wounded.
The kobold barely misses you. The gnoll hits you with a +0 spear.
You shoot a sling bullet.
The sling bullet closely misses the gnoll.
The gnoll hits you with a +0 spear.
You die...

..... # #.#####.#
.###.#####.......# #.# .#
#........###### #...# .#
#..#####.# #..#..# .. ..
#.### #..# #..# .. #.
####...# #..# #..# ###
..###.##....#.###r.#
#..###..
.........####..#Kgl#
#...#..# .........# #..@#
#...## .........######..##
##..###
..........%...##..## ##..##
# .#......#####.###..##
##..##
#............####..##
##..##
#.......###.....##..###..##
#.......# #.##.####..#..##
#.....).# #.##....##...##
#...###.###.###....##.##


You could see a gnoll, a kobold, a frilled lizard and a rat.

Vanquished Creatures
  2 adders (D:2)
  3 dart slugs (D:1)
  4 endoplasms
  2 giant cockroaches (D:1)
  4 goblins
  2 hobgoblins (D:1)
  3 kobolds
  A quokka (D:1)
  5 ball pythons
  4 bats
  A frilled lizard (D:2)
  5 rats
36 creatures vanquished.

Notes
Turn   | Place    | Note
-------+----------+-------------------------------------------
     0 | D:1      | qw the Gargoyle Hexslinger began the quest for the Orb.
     0 | D:1      | Reached XP level 1. HP: 12/12 MP: 2/2
     0 | D:1      | 0 ||| qw: Version: 0.3-a-52-g30416fa
     0 | D:1      | 0 ||| qw: Game counter: 7072
     0 | D:1      | 0 ||| qw: Melee chars always use a shield: true
     0 | D:1      | 0 ||| qw: God list: Okawaru
     0 | D:1      | 0 ||| qw: Allow faded altars: false
     0 | D:1      | 0 ||| qw: Do Orc after clearing Dungeon:15 true
     0 | D:1      | 0 ||| qw: Do second Lair branch before Depths: true
     0 | D:1      | 0 ||| qw: Lair rune preference: random
     0 | D:1      | 0 ||| qw: Goals: Normal
     0 | D:1      | 0 ||| PLANNING D:1-11
    94 | D:1      | Reached XP level 2. HP: 16/16 MP: 3/3
   143 | D:1      | 143 ||| FLEEEEING.
   222 | D:1      | Reached skill level 3 in Ranged Weapons
   336 | D:1      | Reached XP level 3. HP: 21/21 MP: 4/4
   601 | D:1      | 601 ||| UPGRADING to +0 leather armour.
   611 | D:1      | 611 ||| DROPPING +0 robe.
   612 | D:1      | 612 ||| READING 2 scrolls labelled ECISMO BURAA.
   613 | D:1      | 613 ||| READING scroll labelled SUD QUNKOO.
   614 | D:1      | 614 ||| READING scroll labelled HUBRUU NUGUUZ.
   615 | D:1      | 615 ||| READING scroll labelled KOTAACZ MUZXU.
   619 | D:1      | 619 ||| READING scroll labelled QANKAUFOHY.
   620 | D:1      | 620 ||| DRINKING 3 sedimented grey potions.
   621 | D:1      | 621 ||| DROPPING scroll of poison.
   622 | D:1      | 622 ||| DROPPING 2 potions of degeneration.
   772 | D:2      | HP: 4/21 [adder (3)]
  1042 | D:2      | Reached XP level 4. HP: 26/26 MP: 5/5
  1184 | D:2      | HP: 2/26 [gnoll/+0 spear (6)]
  1185 | D:2      | Slain by a gnoll

Levels and vault maps discovered:
D:1:      matt_arrival_grand_opening, layout_basic
D:2:      minmay_alternating_diamond, layout_basic,
          hangedman_abyss_or_decor_stabs, grunt_ministairs_8

Skill      XL: |  1  2 |
---------------+-------+-----
Ranged Weapons | 3 |  3.9
Fighting       | 2 |  2.0
Dodging        | |  1.5
Spellcasting   | |  1.0
Hexes          | |  2.6

Action                     |  1- 3 |  4- 6 || total
---------------------------+-------+-------++-------
   Fire: Sling             |   117 |    17 ||   134
    Use: Scroll            |     5 |       ||     5
         Potion            |     1 |       ||     1
 Armour: Robe              |    12 |       ||    12
         Leather armour    |     9 |     3 ||    12
  Dodge: Dodged            |    37 |    10 ||    47

Table legend:
 A = Non-vault XP
 B = Vault XP
 C = Vault XP percentage of total XP
 D = Non-vault monster count
 E = Vault monster count
 F = Vault count percentage of total count
                 A         B        C        D         E       F
            +---------+---------+-------+---------+---------+-------
      Total |      87 |       1 |   1.1 |      35 |       1 |   2.8
            +---------+---------+-------+---------+---------+-------
        D:1 |      45 |       0 |   0.0 |      23 |       0 |   0.0
        D:2 |      42 |       1 |   2.3 |      12 |       1 |   7.7
            +---------+---------+-------+---------+---------+-------
